Penguins vs Canadiens

Created - April 11 2010 at 13:06

Goals
1 2 3 T
Penguins 3 2 1 6
Canadiens 1 3 1 5
Shots
1 2 3 T
Penguins 8 17 13 38
Canadiens 12 12 11 35

Period #1

1. Penguins , Brad Richards 1 (Marian Hossa, Brooks Orpik) at 0:42
2. Penguins , Evgeni Malkin 2 (Pavel Kubina, Pavel Datsyuk) at 2:47
3. Canadiens , Brent Seabrook 1 (Ed Jovanovski, Jason Pominville) at 10:28 (PP)
4. Penguins , Marian Hossa 2 (Andrew Ference) at 14:29

Penalties :
Jan Hejda (PIT) for Hooking (Minor) at 3:02, Vaclav Prospal (PIT) for High sticking (Minor) at 10:16, Toni Lydman (MTL) for Cross-checking (Minor) at 11:38, Steve Montador (PIT) for Hooking (Minor) at 14:44, Pavel Kubina (PIT) for Hooking (Minor) at 17:05

Period #2

5. Penguins , Marian Hossa 3 (Brad Richards) at 0:52 (PP)
6. Canadiens , Jason Pominville 1 (David Booth, Patrik Berglund) at 3:36
7. Canadiens , Jason Pominville 2 (Brent Seabrook, David Booth) at 5:47
8. Canadiens , Nathan Horton 2 (Tom Gilbert, Ilya Kovalchuk) at 6:10
9. Penguins , Marian Hossa 4 (Brad Richards, Brooks Orpik) at 7:57

Penalties :
Ed Jovanovski (MTL) for Holding (Minor) at 0:07, Marian Hossa (PIT) for Hooking (Minor) at 1:11, Ed Jovanovski (MTL) for Tripping (Minor) at 8:43

Period #3

10. Canadiens , Cory Stillman 1 (Ales Hemsky, Andrei Markov) at 3:44
11. Penguins , Marian Hossa 5 (Ruslan Fedotenko, Brooks Orpik) at 15:44

Penalties :
Alexander Edler (MTL) for Hooking (Minor) at 0:45, Cory Stillman (MTL) for Tripping (Minor) at 4:43, Evgeni Malkin (PIT) for Roughing (Double Minor) at 9:03, Andrei Markov (MTL) for Hooking (Minor) at 17:33, Evgeni Malkin (PIT) for Tripping (Minor) at 18:21

Goalie Stats

Marc-Andre Fleury (PIT), 30 saves from 35 shots - (0.857), W, 1-1-0, 60:00 minutes
Evgeni Nabokov (MTL), 7 saves from 11 shots - (0.636), 20:52 minutes
Johan Hedberg (MTL), 25 saves from 27 shots - (0.926), L, 0-1-0, 38:37 minutes

Players Stats

Penguins
Player Name              G  A  P  +/- PIM S  H  SB FO    MP 
------------------------------------------------------------
Andrew Ference           0  1  1  -1  0   0  2  1  0/0   21 
Brad Richards            1  2  3   2  0   3  0  2  15/27 18 
Brooks Orpik             0  3  3   2  0   0  4  3  0/0   17 
Evgeni Malkin            1  0  1   0  6   3  1  0  11/20 23 
Freddy Meyer             0  0  0  -1  0   2  3  0  0/0   20 
Jan Hejda                0  0  0   1  2   1  0  3  0/0   19 
John Madden              0  0  0  -2  0   1  1  0  14/28 18 
John-Michael Liles       0  0  0   1  0   0  0  0  0/0   17 
Kris Draper              0  0  0  -1  0   1  0  1  1/1   15 
Marian Hossa             4  1  5   3  2   10 2  0  3/5   19 
Martin Hanzal            0  0  0   0  0   0  0  0  0/0   0  
Pascal Dupuis            0  0  0  -1  0   1  1  1  0/0   7  
Patrick Sharp            0  0  0   1  0   3  0  0  0/1   17 
Pavel Datsyuk            0  1  1   1  0   4  1  0  6/11  21 
Pavel Kubina             0  1  1   0  2   3  2  5  0/0   23 
Ruslan Fedotenko         0  1  1   2  0   4  3  0  0/0   13 
Steve Montador           0  0  0  -1  2   1  1  0  1/3   11 
Vaclav Prospal           0  0  0  -1  2   1  0  0  0/0   6  
Canadiens
Player Name              G  A  P  +/- PIM S  H  SB FO    MP 
------------------------------------------------------------
Ales Hemsky              0  1  1   1  0   3  1  0  2/2   20 
Alexander Edler          0  0  0   1  2   1  2  1  0/0   21 
Andrei Markov            0  1  1   1  2   1  0  1  0/0   21 
Brent Seabrook           1  1  2  -2  0   2  1  2  0/0   19 
Cory Stillman            1  0  1   1  2   5  2  0  1/1   20 
David Booth              0  2  2  -2  0   3  1  0  1/3   11 
Dustin Brown             0  0  0   0  0   1  0  0  6/16  11 
Ed Jovanovski            0  1  1   0  4   0  1  1  0/0   21 
Ilya Kovalchuk           0  1  1   0  0   4  0  0  1/1   16 
Jason Pominville         2  1  3  -2  0   2  1  0  2/3   16 
Kyle Okposo              0  0  0   0  0   3  0  0  1/1   6  
Maxime Talbot            0  0  0   0  0   1  0  0  0/0   10 
Nathan Horton            1  0  1   0  0   4  2  0  9/20  12 
Patrik Berglund          0  1  1  -2  0   0  1  0  11/20 16 
R.J. Umberger            0  0  0   0  0   1  1  0  0/0   11 
Shawn Horcoff            0  0  0   1  0   0  0  1  11/29 19 
Tom Gilbert              0  1  1   0  0   4  0  6  0/0   22 
Toni Lydman              0  0  0  -2  2   0  2  0  0/0   16 

3 Stars

1 - Marian Hossa (PIT)
2 - Brooks Orpik (PIT)
3 - Brad Richards (PIT)

Power Play

Penguins - 1 on 6 Attempt(s) - 16.67%
Canadiens - 1 on 7 Attempt(s) - 14.29%

Penalty Kill

Penguins - 6 on 7 Attempt(s) - 85.71% - Score 0 goal in Penalty Kill
Canadiens - 5 on 6 Attempt(s) - 83.33% - Score 0 goal in Penalty Kill

Game Notes

Johan Hedberg enters game at 0:52 of 2nd period
Marian Hossa has scored a Hat Trick!

Finance

Level 1 -- Attendance: 4869 (74.91%) -- Ticket Income $608,625.00
Level 2 -- Attendance: 3659 (73.18%) -- Ticket Income $256,130.00
Level 3 -- Attendance: 2987 (85.34%) -- Ticket Income $125,454.00
Level 4 -- Attendance: 1738 (32.96%) -- Ticket Income $52,140.00
Luxury Box -- Attendance: 803 (80.30%) -- Ticket Income $200,750.00
Game was played at the Bell Centre
Total Attendance: 14056 (66.07%)
Total Ticket Income: $1,366,363.00
Other Income: $409,908.75
Total Income: $1,776,271.00


Play by Play

Period #1

0:01 of 1st period - Ales Hemsky wins face-off versus Evgeni Malkin in neutral zone.
0:17 of 1st period - Icing by Pavel Datsyuk.
0:18 of 1st period - Pavel Datsyuk wins face-off versus Nathan Horton in Penguins zone.
0:18 of 1st period - Pavel Datsyuk is hit by Nathan Horton.
0:30 of 1st period - Shot by Pavel Datsyuk.
0:30 of 1st period - Stopped by Evgeni Nabokov without a rebound.
0:31 of 1st period - Brad Richards wins face-off versus Patrik Berglund in Canadiens zone.
0:32 of 1st period - Shot by Ruslan Fedotenko.
0:32 of 1st period - Stopped by Evgeni Nabokov with a rebound.
0:40 of 1st period - Shot by Brad Richards.
0:40 of 1st period - Shot Misses the Net.
0:42 of 1st period - Shot by Brad Richards.
0:42 of 1st period - Goal by Brad Richards - Penguins : 1 - Canadiens : 0.
0:43 of 1st period - John Madden wins face-off versus Shawn Horcoff in neutral zone.
1:35 of 1st period - Nathan Horton is hit by John Madden and loses puck.
1:59 of 1st period - Ilya Kovalchuk is hit by Andrew Ference and loses puck.
2:14 of 1st period - Shot by Ilya Kovalchuk.
2:14 of 1st period - Stopped by Marc-Andre Fleury without a rebound.
2:15 of 1st period - Evgeni Malkin wins face-off versus David Booth in Penguins zone.
2:15 of 1st period - Evgeni Malkin is hit by Toni Lydman.
2:31 of 1st period - Shot by Evgeni Malkin.
2:31 of 1st period - Shot Blocked by Brent Seabrook.
2:47 of 1st period - Shot by Evgeni Malkin.
2:47 of 1st period - Goal by Evgeni Malkin - Penguins : 2 - Canadiens : 0.
2:48 of 1st period - Cory Stillman wins face-off versus Brad Richards in neutral zone.
2:48 of 1st period - Shawn Horcoff is hit by Ruslan Fedotenko and loses puck.
3:02 of 1st period - Minor Penalty to Jan Hejda for Hooking.
3:03 of 1st period - Nathan Horton wins face-off versus Pavel Datsyuk in Penguins zone.
4:00 of 1st period - Shot by Tom Gilbert.
4:00 of 1st period - Stopped by Marc-Andre Fleury with a rebound.
4:02 of 1st period - Shot by Tom Gilbert.
4:02 of 1st period - Shot Blocked by Brooks Orpik.
4:04 of 1st period - Shot by R.J. Umberger.
4:04 of 1st period - Shot Blocked by Brooks Orpik.
4:06 of 1st period - Shot by Patrik Berglund.
4:06 of 1st period - Shot Blocked by Brad Richards.
4:08 of 1st period - Shot by Alexander Edler.
4:08 of 1st period - Stopped by Marc-Andre Fleury without a rebound.
4:09 of 1st period - John Madden wins face-off versus Patrik Berglund in Penguins zone.
4:35 of 1st period - Pavel Kubina is hit by Patrik Berglund and loses puck.
5:02 of 1st period - Andrew Ference is hit by Jason Pominville and loses puck.
5:09 of 1st period - Shot by David Booth.
5:09 of 1st period - Stopped by Marc-Andre Fleury without a rebound.
5:10 of 1st period - Evgeni Malkin wins face-off versus Dustin Brown in Penguins zone.
6:26 of 1st period - Off-side.
6:27 of 1st period - Ales Hemsky wins face-off versus Steve Montador in neutral zone.
6:32 of 1st period - Shot by Cory Stillman.
6:32 of 1st period - Stopped by Marc-Andre Fleury without a rebound.
6:33 of 1st period - Shawn Horcoff wins face-off versus John Madden in Penguins zone.
7:53 of 1st period - Shot by Ilya Kovalchuk.
7:53 of 1st period - Stopped by Marc-Andre Fleury with a rebound.
8:29 of 1st period - Shot by David Booth.
8:29 of 1st period - Stopped by Marc-Andre Fleury without a rebound.
8:30 of 1st period - Brad Richards wins face-off versus Shawn Horcoff in Penguins zone.
8:58 of 1st period - Marian Hossa is hit by Alexander Edler and loses puck.
9:45 of 1st period - Shot by Evgeni Malkin.
9:45 of 1st period - Shot Misses the Net.
9:47 of 1st period - Shot by Evgeni Malkin.
9:47 of 1st period - Shot Blocked by Shawn Horcoff.
9:54 of 1st period - Icing by Andrei Markov.
9:55 of 1st period - Brad Richards wins face-off versus Shawn Horcoff in Canadiens zone.
9:56 of 1st period - Shot by Pascal Dupuis.
9:56 of 1st period - Stopped by Evgeni Nabokov without a rebound.
9:57 of 1st period - Nathan Horton wins face-off versus Brad Richards in Canadiens zone.
10:04 of 1st period - Shot by Ed Jovanovski.
10:04 of 1st period - Deflect By Ilya Kovalchuk.
10:04 of 1st period - Shot Blocked by Brad Richards.
10:08 of 1st period - Shot by Nathan Horton.
10:08 of 1st period - Stopped by Marc-Andre Fleury without a rebound.
10:09 of 1st period - Evgeni Malkin wins face-off versus Patrik Berglund in Penguins zone.
10:09 of 1st period - Evgeni Malkin is hit by David Booth.
10:15 of 1st period - Brent Seabrook is hit by Pascal Dupuis and loses puck.
10:16 of 1st period - Minor Penalty to Vaclav Prospal for High sticking.
10:17 of 1st period - Jason Pominville wins face-off versus Pavel Datsyuk in Penguins zone.
10:24 of 1st period - Shot by Ed Jovanovski.
10:24 of 1st period - Shot Misses the Net.
10:26 of 1st period - Shot by Ed Jovanovski.
10:26 of 1st period - Shot Misses the Net.
10:28 of 1st period - Shot by Brent Seabrook.
10:28 of 1st period - Goal by Brent Seabrook - Penguins : 2 - Canadiens : 1.
10:29 of 1st period - Evgeni Malkin wins face-off versus Dustin Brown in neutral zone.
10:44 of 1st period - Shot by Kyle Okposo.
10:44 of 1st period - Shot Blocked by Pavel Kubina.
10:46 of 1st period - Shot by Tom Gilbert.
10:46 of 1st period - Shot Blocked by Pascal Dupuis.
11:38 of 1st period - Minor Penalty to Toni Lydman for Cross-checking.
11:39 of 1st period - Shawn Horcoff wins face-off versus Brad Richards in Canadiens zone.
14:29 of 1st period - Shot by Marian Hossa.
14:29 of 1st period - Goal by Marian Hossa - Penguins : 3 - Canadiens : 1.
14:30 of 1st period - Marian Hossa wins face-off versus Shawn Horcoff in neutral zone.
14:44 of 1st period - Minor Penalty to Steve Montador for Hooking.
14:45 of 1st period - Nathan Horton wins face-off versus Pavel Datsyuk in Penguins zone.
14:46 of 1st period - Shot by Ilya Kovalchuk.
14:46 of 1st period - Deflect By Ales Hemsky.
14:46 of 1st period - Stopped by Marc-Andre Fleury without a rebound.
14:47 of 1st period - Pavel Datsyuk wins face-off versus Nathan Horton in Penguins zone.
15:07 of 1st period - Icing by Ales Hemsky.
15:08 of 1st period - Pavel Datsyuk wins face-off versus Nathan Horton in Canadiens zone.
15:53 of 1st period - Icing by Alexander Edler.
15:54 of 1st period - Patrik Berglund wins face-off versus John Madden in Canadiens zone.
16:09 of 1st period - Shot by R.J. Umberger.
16:09 of 1st period - Stopped by Marc-Andre Fleury without a rebound.
16:10 of 1st period - Pavel Datsyuk wins face-off versus Nathan Horton in Penguins zone.
16:50 of 1st period - Shot by Pavel Datsyuk.
16:50 of 1st period - Shot Misses the Net.
16:52 of 1st period - Shot by Pavel Datsyuk.
16:52 of 1st period - Shot Misses the Net.
17:05 of 1st period - Minor Penalty to Pavel Kubina for Hooking.
17:06 of 1st period - Patrik Berglund wins face-off versus John Madden in Penguins zone.
17:52 of 1st period - Shot by Nathan Horton.
17:52 of 1st period - Shot Misses the Net.
17:56 of 1st period - Shot by Ales Hemsky.
17:56 of 1st period - Shot Misses the Net.
17:58 of 1st period - Shot by Andrei Markov.
17:58 of 1st period - Stopped by Marc-Andre Fleury without a rebound.
17:59 of 1st period - Shawn Horcoff wins face-off versus John Madden in Penguins zone.
18:18 of 1st period - Shot by Brent Seabrook.
18:18 of 1st period - Shot Misses the Net.
19:10 of 1st period - Shot by Patrik Berglund.
19:10 of 1st period - Shot Misses the Net.
19:26 of 1st period - Shot by Vaclav Prospal.
19:26 of 1st period - Stopped by Evgeni Nabokov without a rebound.
19:27 of 1st period - Brad Richards wins face-off versus Dustin Brown in Canadiens zone.
19:28 of 1st period - Shot by Marian Hossa.
19:28 of 1st period - Deflect By Ruslan Fedotenko.
19:28 of 1st period - Stopped by Evgeni Nabokov without a rebound.
19:29 of 1st period - Evgeni Malkin wins face-off versus Dustin Brown in Canadiens zone.

Period #2

0:01 of 2nd period - Evgeni Malkin wins face-off versus Shawn Horcoff in neutral zone.
0:04 of 2nd period - Shot by Patrick Sharp.
0:04 of 2nd period - Stopped by Evgeni Nabokov without a rebound.
0:05 of 2nd period - Brad Richards wins face-off versus Nathan Horton in Canadiens zone.
0:07 of 2nd period - Minor Penalty to Ed Jovanovski for Holding.
0:08 of 2nd period - Evgeni Malkin wins face-off versus Shawn Horcoff in Canadiens zone.
0:48 of 2nd period - Shot by Evgeni Malkin.
0:48 of 2nd period - Stopped by Evgeni Nabokov without a rebound.
0:49 of 2nd period - Brad Richards wins face-off versus Shawn Horcoff in Canadiens zone.
0:52 of 2nd period - Shot by Marian Hossa.
0:52 of 2nd period - Goal by Marian Hossa - Penguins : 4 - Canadiens : 1.
0:52 of 2nd period - Johan Hedberg enters game.
0:53 of 2nd period - Marian Hossa wins face-off versus Shawn Horcoff in neutral zone.
1:11 of 2nd period - Minor Penalty to Marian Hossa for Hooking.
1:12 of 2nd period - Nathan Horton wins face-off versus John Madden in Penguins zone.
1:12 of 2nd period - Nathan Horton is hit by Andrew Ference.
1:15 of 2nd period - Ales Hemsky is hit by Brooks Orpik and loses puck.
1:34 of 2nd period - Shot by Ales Hemsky.
1:34 of 2nd period - Stopped by Marc-Andre Fleury without a rebound.
1:35 of 2nd period - Patrik Berglund wins face-off versus Pavel Datsyuk in Penguins zone.
1:42 of 2nd period - Shot by Patrik Berglund.
1:42 of 2nd period - Shot Blocked by Jan Hejda.
1:44 of 2nd period - Shot by Cory Stillman.
1:44 of 2nd period - Shot Blocked by Jan Hejda.
1:48 of 2nd period - Shot by Patrik Berglund.
1:48 of 2nd period - Shot Misses the Net.
1:50 of 2nd period - Shot by Tom Gilbert.
1:50 of 2nd period - Shot Hit the Post.
1:52 of 2nd period - Shot by Alexander Edler.
1:52 of 2nd period - Shot Misses the Net.
1:54 of 2nd period - Shot by Tom Gilbert.
1:54 of 2nd period - Stopped by Marc-Andre Fleury without a rebound.
1:55 of 2nd period - Nathan Horton wins face-off versus John Madden in Penguins zone.
1:55 of 2nd period - Ilya Kovalchuk is hit by Brooks Orpik and loses puck.
2:03 of 2nd period - Ales Hemsky is hit by Brooks Orpik.
2:42 of 2nd period - Icing by Tom Gilbert.
2:43 of 2nd period - John Madden wins face-off versus Patrik Berglund in Canadiens zone.
2:43 of 2nd period - Brad Richards is hit by Alexander Edler and loses puck.
3:36 of 2nd period - Shot by Jason Pominville.
3:36 of 2nd period - Goal by Jason Pominville - Penguins : 4 - Canadiens : 2.
3:37 of 2nd period - John Madden wins face-off versus Dustin Brown in neutral zone.
4:30 of 2nd period - Shot by Marian Hossa.
4:30 of 2nd period - Shot Misses the Net.
4:34 of 2nd period - Shot by Brad Richards.
4:34 of 2nd period - Stopped by Johan Hedberg without a rebound.
4:35 of 2nd period - Pavel Datsyuk wins face-off versus Shawn Horcoff in Canadiens zone.
4:54 of 2nd period - John-Michael Liles is hit by Cory Stillman and loses puck.
5:13 of 2nd period - Shot by Cory Stillman.
5:13 of 2nd period - Shot Misses the Net.
5:15 of 2nd period - Shot by Cory Stillman.
5:15 of 2nd period - Shot Blocked by Pavel Kubina.
5:28 of 2nd period - Off-side.
5:29 of 2nd period - Patrik Berglund wins face-off versus Brad Richards in neutral zone.
5:45 of 2nd period - Shot by Brent Seabrook.
5:45 of 2nd period - Shot Misses the Net.
5:47 of 2nd period - Shot by Jason Pominville.
5:47 of 2nd period - Goal by Jason Pominville - Penguins : 4 - Canadiens : 3.
5:48 of 2nd period - John Madden wins face-off versus Nathan Horton in neutral zone.
6:10 of 2nd period - Shot by Nathan Horton.
6:10 of 2nd period - Goal by Nathan Horton - Penguins : 4 - Canadiens : 4.
6:11 of 2nd period - Patrik Berglund wins face-off versus Brad Richards in neutral zone.
6:16 of 2nd period - Shot by David Booth.
6:16 of 2nd period - Stopped by Marc-Andre Fleury without a rebound.
6:17 of 2nd period - Brad Richards wins face-off versus Shawn Horcoff in Penguins zone.
6:17 of 2nd period - Ruslan Fedotenko is hit by Ales Hemsky and loses puck.
6:24 of 2nd period - Shot by Marian Hossa.
6:24 of 2nd period - Stopped by Johan Hedberg with a rebound.
6:28 of 2nd period - Shot by Brad Richards.
6:28 of 2nd period - Shot Misses the Net.
6:32 of 2nd period - Shot by Ruslan Fedotenko.
6:32 of 2nd period - Stopped by Johan Hedberg without a rebound.
6:33 of 2nd period - Patrik Berglund wins face-off versus John Madden in Canadiens zone.
6:33 of 2nd period - Patrik Berglund is hit by Steve Montador.
6:39 of 2nd period - Shot by Jason Pominville.
6:39 of 2nd period - Deflect By Patrik Berglund.
6:39 of 2nd period - Shot Misses the Net.
7:00 of 2nd period - Icing by Brent Seabrook.
7:01 of 2nd period - Jason Pominville wins face-off versus Evgeni Malkin in Canadiens zone.
7:01 of 2nd period - Jason Pominville is hit by Pavel Datsyuk.
7:18 of 2nd period - Icing by Brent Seabrook.
7:19 of 2nd period - Patrik Berglund wins face-off versus Brad Richards in Canadiens zone.
7:41 of 2nd period - Shot by Brad Richards.
7:41 of 2nd period - Stopped by Johan Hedberg with a rebound.
7:57 of 2nd period - Shot by Marian Hossa.
7:57 of 2nd period - Goal by Marian Hossa - Penguins : 5 - Canadiens : 4.
7:58 of 2nd period - Evgeni Malkin wins face-off versus Shawn Horcoff in neutral zone.
8:34 of 2nd period - Shot by Patrick Sharp.
8:34 of 2nd period - Stopped by Johan Hedberg without a rebound.
8:35 of 2nd period - John Madden wins face-off versus Nathan Horton in Canadiens zone.
8:36 of 2nd period - Shot by Kris Draper.
8:36 of 2nd period - Stopped by Johan Hedberg without a rebound.
8:37 of 2nd period - John Madden wins face-off versus Nathan Horton in Canadiens zone.
8:43 of 2nd period - Minor Penalty to Ed Jovanovski for Tripping.
8:44 of 2nd period - Dustin Brown wins face-off versus Brad Richards in Canadiens zone.
8:44 of 2nd period - Dustin Brown is hit by Ruslan Fedotenko.
8:56 of 2nd period - Shot by Ruslan Fedotenko.
8:56 of 2nd period - Stopped by Johan Hedberg with a rebound.
8:58 of 2nd period - Shot by Freddy Meyer.
8:58 of 2nd period - Stopped by Johan Hedberg without a rebound.
8:59 of 2nd period - Evgeni Malkin wins face-off versus Shawn Horcoff in Canadiens zone.
9:12 of 2nd period - Shot by Pavel Datsyuk.
9:12 of 2nd period - Stopped by Johan Hedberg without a rebound.
9:13 of 2nd period - Brad Richards wins face-off versus Dustin Brown in Canadiens zone.
9:20 of 2nd period - Shot by Marian Hossa.
9:20 of 2nd period - Stopped by Johan Hedberg without a rebound.
9:21 of 2nd period - Shawn Horcoff wins face-off versus Marian Hossa in Canadiens zone.
10:16 of 2nd period - Pavel Datsyuk is hit by Toni Lydman and loses puck.
10:39 of 2nd period - Shot by Pavel Datsyuk.
10:39 of 2nd period - Shot Blocked by Tom Gilbert.
10:49 of 2nd period - Shot by John Madden.
10:49 of 2nd period - Shot Blocked by Tom Gilbert.
10:57 of 2nd period - Shot by Steve Montador.
10:57 of 2nd period - Stopped by Johan Hedberg with a rebound.
12:05 of 2nd period - Shot by Marian Hossa.
12:05 of 2nd period - Stopped by Johan Hedberg with a rebound.
12:07 of 2nd period - Shot by Brooks Orpik.
12:07 of 2nd period - Deflect By Marian Hossa.
12:07 of 2nd period - Shot Blocked by Alexander Edler.
12:09 of 2nd period - Shot by Marian Hossa.
12:09 of 2nd period - Stopped by Johan Hedberg without a rebound.
12:10 of 2nd period - Patrik Berglund wins face-off versus Evgeni Malkin in Canadiens zone.
13:23 of 2nd period - Shot by Maxime Talbot.
13:23 of 2nd period - Shot Misses the Net.
13:27 of 2nd period - Shot by Kyle Okposo.
13:27 of 2nd period - Stopped by Marc-Andre Fleury with a rebound.
13:55 of 2nd period - Shot by Cory Stillman.
13:55 of 2nd period - Shot Blocked by Pavel Kubina.
14:11 of 2nd period - Shot by Cory Stillman.
14:11 of 2nd period - Stopped by Marc-Andre Fleury with a rebound.
14:39 of 2nd period - Shot by Jason Pominville.
14:39 of 2nd period - Shot Blocked by Pavel Kubina.
15:03 of 2nd period - Tom Gilbert is hit by Evgeni Malkin.
15:09 of 2nd period - Evgeni Malkin is hit by R.J. Umberger and loses puck.
15:20 of 2nd period - Shot by Tom Gilbert.
15:20 of 2nd period - Stopped by Marc-Andre Fleury without a rebound.
15:21 of 2nd period - Shawn Horcoff wins face-off versus Brad Richards in Penguins zone.
16:09 of 2nd period - Icing by Maxime Talbot.
16:10 of 2nd period - John Madden wins face-off versus Dustin Brown in Canadiens zone.
16:14 of 2nd period - Icing by Brent Seabrook.
16:15 of 2nd period - John Madden wins face-off versus Dustin Brown in Canadiens zone.
16:15 of 2nd period - John Madden is hit by Ed Jovanovski.
16:26 of 2nd period - Icing by Andrew Ference.
16:27 of 2nd period - John Madden wins face-off versus Patrik Berglund in Penguins zone.
16:55 of 2nd period - David Booth is hit by Freddy Meyer and loses puck.
17:26 of 2nd period - Nathan Horton is hit by Marian Hossa and loses puck.
17:39 of 2nd period - Shot by Ilya Kovalchuk.
17:39 of 2nd period - Stopped by Marc-Andre Fleury without a rebound.
17:40 of 2nd period - Shawn Horcoff wins face-off versus John Madden in Penguins zone.
18:21 of 2nd period - Shot by Cory Stillman.
18:21 of 2nd period - Stopped by Marc-Andre Fleury without a rebound.
18:22 of 2nd period - Brad Richards wins face-off versus Nathan Horton in Penguins zone.
18:43 of 2nd period - Icing by Tom Gilbert.
18:44 of 2nd period - Brad Richards wins face-off versus Nathan Horton in Canadiens zone.
19:07 of 2nd period - Shot by Nathan Horton.
19:07 of 2nd period - Stopped by Marc-Andre Fleury without a rebound.
19:08 of 2nd period - Patrik Berglund wins face-off versus John Madden in Penguins zone.
19:11 of 2nd period - Shot by Jason Pominville.
19:11 of 2nd period - Shot Misses the Net.
19:16 of 2nd period - Icing by Evgeni Malkin.
19:17 of 2nd period - Shawn Horcoff wins face-off versus John Madden in Penguins zone.

Period #3

0:01 of 3rd period - Shawn Horcoff wins face-off versus Evgeni Malkin in neutral zone.
0:10 of 3rd period - Shot by Ales Hemsky.
0:10 of 3rd period - Shot Misses the Net.
0:40 of 3rd period - Shot by Patrick Sharp.
0:40 of 3rd period - Shot Blocked by Andrei Markov.
0:44 of 3rd period - Shot by Pavel Kubina.
0:44 of 3rd period - Stopped by Johan Hedberg with a rebound.
0:45 of 3rd period - Minor Penalty to Alexander Edler for Hooking.
0:46 of 3rd period - Dustin Brown wins face-off versus Brad Richards in Canadiens zone.
1:01 of 3rd period - Shot by Freddy Meyer.
1:01 of 3rd period - Shot Blocked by Tom Gilbert.
1:03 of 3rd period - Shot by Marian Hossa.
1:03 of 3rd period - Shot Blocked by Tom Gilbert.
1:05 of 3rd period - Shot by Andrew Ference.
1:05 of 3rd period - Deflect By Marian Hossa.
1:05 of 3rd period - Shot Misses the Net.
1:07 of 3rd period - Shot by Freddy Meyer.
1:07 of 3rd period - Shot Blocked by Tom Gilbert.
1:09 of 3rd period - Shot by Marian Hossa.
1:09 of 3rd period - Deflect By Brad Richards.
1:09 of 3rd period - Shot Blocked by Ed Jovanovski.
1:13 of 3rd period - Shot by Marian Hossa.
1:13 of 3rd period - Shot Misses the Net.
1:17 of 3rd period - Shot by Ruslan Fedotenko.
1:17 of 3rd period - Shot Misses the Net.
1:19 of 3rd period - Shot by Andrew Ference.
1:19 of 3rd period - Deflect By Brad Richards.
1:19 of 3rd period - Shot Misses the Net.
1:23 of 3rd period - Shot by Marian Hossa.
1:23 of 3rd period - Stopped by Johan Hedberg with a rebound.
1:25 of 3rd period - Shot by Freddy Meyer.
1:25 of 3rd period - Stopped by Johan Hedberg without a rebound.
1:26 of 3rd period - Evgeni Malkin wins face-off versus Shawn Horcoff in Canadiens zone.
1:32 of 3rd period - Shot by Evgeni Malkin.
1:32 of 3rd period - Stopped by Johan Hedberg with a rebound.
1:34 of 3rd period - Shot by Evgeni Malkin.
1:34 of 3rd period - Shot Misses the Net.
1:36 of 3rd period - Shot by Pavel Kubina.
1:36 of 3rd period - Stopped by Johan Hedberg with a rebound.
1:38 of 3rd period - Shot by Pavel Datsyuk.
1:38 of 3rd period - Stopped by Johan Hedberg with a rebound.
1:40 of 3rd period - Shot by John-Michael Liles.
1:40 of 3rd period - Shot Blocked by Brent Seabrook.
1:42 of 3rd period - Shot by Pavel Kubina.
1:42 of 3rd period - Stopped by Johan Hedberg with a rebound.
2:54 of 3rd period - Shot by Evgeni Malkin.
2:54 of 3rd period - Shot Misses the Net.
2:58 of 3rd period - Shot by Vaclav Prospal.
2:58 of 3rd period - Shot Misses the Net.
3:02 of 3rd period - Shot by Evgeni Malkin.
3:02 of 3rd period - Shot Hit the Post.
3:04 of 3rd period - Shot by Jan Hejda.
3:04 of 3rd period - Stopped by Johan Hedberg without a rebound.
3:05 of 3rd period - Patrik Berglund wins face-off versus Steve Montador in Canadiens zone.
3:07 of 3rd period - Icing by Jason Pominville.
3:08 of 3rd period - John Madden wins face-off versus Patrik Berglund in Canadiens zone.
3:21 of 3rd period - Toni Lydman is hit by Freddy Meyer and loses puck.
3:27 of 3rd period - Icing by Freddy Meyer.
3:28 of 3rd period - John Madden wins face-off versus Shawn Horcoff in Penguins zone.
3:44 of 3rd period - Shot by Cory Stillman.
3:44 of 3rd period - Goal by Cory Stillman - Penguins : 5 - Canadiens : 5.
3:45 of 3rd period - Nathan Horton wins face-off versus Brad Richards in neutral zone.
3:52 of 3rd period - Shot by Nathan Horton.
3:52 of 3rd period - Stopped by Marc-Andre Fleury without a rebound.
3:53 of 3rd period - Dustin Brown wins face-off versus Evgeni Malkin in Penguins zone.
4:14 of 3rd period - Shot by Kyle Okposo.
4:14 of 3rd period - Stopped by Marc-Andre Fleury with a rebound.
4:43 of 3rd period - Minor Penalty to Cory Stillman for Tripping.
4:44 of 3rd period - Brad Richards wins face-off versus Shawn Horcoff in Canadiens zone.
4:56 of 3rd period - Brad Richards is hit by Brent Seabrook and loses puck.
5:39 of 3rd period - Shot by Evgeni Malkin.
5:39 of 3rd period - Deflect By Pavel Datsyuk.
5:39 of 3rd period - Shot Misses the Net.
6:30 of 3rd period - Shot by Patrick Sharp.
6:30 of 3rd period - Stopped by Johan Hedberg without a rebound.
6:31 of 3rd period - Dustin Brown wins face-off versus John Madden in Canadiens zone.
6:42 of 3rd period - Shot by Pavel Datsyuk.
6:42 of 3rd period - Shot Hit the Post.
6:51 of 3rd period - Ilya Kovalchuk is hit by Freddy Meyer and loses puck.
7:12 of 3rd period - Shot by Steve Montador.
7:12 of 3rd period - Shot Misses the Net.
7:25 of 3rd period - Icing by Cory Stillman.
7:26 of 3rd period - Ilya Kovalchuk wins face-off versus Brad Richards in Canadiens zone.
7:46 of 3rd period - Icing by Jan Hejda.
7:47 of 3rd period - Brad Richards wins face-off versus Patrik Berglund in Penguins zone.
9:00 of 3rd period - Shot by Ed Jovanovski.
9:00 of 3rd period - Shot Misses the Net.
9:03 of 3rd period - Double Minor Penalty to Evgeni Malkin for Roughing.
9:04 of 3rd period - Nathan Horton wins face-off versus John Madden in Penguins zone.
9:13 of 3rd period - Shot by Ilya Kovalchuk.
9:13 of 3rd period - Stopped by Marc-Andre Fleury without a rebound.
9:14 of 3rd period - Kris Draper wins face-off versus Patrik Berglund in Penguins zone.
9:25 of 3rd period - Shot by Alexander Edler.
9:25 of 3rd period - Shot Misses the Net.
9:29 of 3rd period - Shot by Cory Stillman.
9:29 of 3rd period - Shot Blocked by Andrew Ference.
9:31 of 3rd period - Shot by Tom Gilbert.
9:31 of 3rd period - Stopped by Marc-Andre Fleury without a rebound.
9:32 of 3rd period - Pavel Datsyuk wins face-off versus Nathan Horton in Penguins zone.
9:32 of 3rd period - Pavel Datsyuk is hit by Nathan Horton.
10:58 of 3rd period - Shot by Pavel Datsyuk.
10:58 of 3rd period - Shot Blocked by Tom Gilbert.
12:03 of 3rd period - Shot by Ilya Kovalchuk.
12:03 of 3rd period - Shot Blocked by Pavel Kubina.
12:05 of 3rd period - Shot by Ilya Kovalchuk.
12:05 of 3rd period - Shot Blocked by Kris Draper.
12:31 of 3rd period - Shot by Brent Seabrook.
12:31 of 3rd period - Stopped by Marc-Andre Fleury without a rebound.
12:32 of 3rd period - Shawn Horcoff wins face-off versus Patrick Sharp in Penguins zone.
12:37 of 3rd period - Shot by Andrei Markov.
12:37 of 3rd period - Shot Misses the Net.
12:59 of 3rd period - Shot by Ales Hemsky.
12:59 of 3rd period - Stopped by Marc-Andre Fleury without a rebound.
13:00 of 3rd period - John Madden wins face-off versus David Booth in Penguins zone.
13:24 of 3rd period - Kyle Okposo is hit by Pavel Kubina and loses puck.
13:28 of 3rd period - Dustin Brown is hit by Pavel Kubina and loses puck.
13:31 of 3rd period - Shot by Kyle Okposo.
13:31 of 3rd period - Stopped by Marc-Andre Fleury without a rebound.
13:32 of 3rd period - David Booth wins face-off versus John Madden in Penguins zone.
13:36 of 3rd period - Icing by Freddy Meyer.
13:37 of 3rd period - Patrik Berglund wins face-off versus John Madden in Penguins zone.
13:56 of 3rd period - Shot by John Madden.
13:56 of 3rd period - Stopped by Johan Hedberg without a rebound.
13:57 of 3rd period - Evgeni Malkin wins face-off versus Shawn Horcoff in Canadiens zone.
14:02 of 3rd period - Shot by Evgeni Malkin.
14:02 of 3rd period - Shot Misses the Net.
14:06 of 3rd period - Shot by Patrick Sharp.
14:06 of 3rd period - Deflect By Evgeni Malkin.
14:06 of 3rd period - Shot Misses the Net.
14:11 of 3rd period - Icing by Shawn Horcoff.
14:12 of 3rd period - Shawn Horcoff wins face-off versus Brad Richards in Canadiens zone.
14:12 of 3rd period - Ales Hemsky is hit by Ruslan Fedotenko and loses puck.
14:23 of 3rd period - Shot by Cory Stillman.
14:23 of 3rd period - Shot Blocked by Brooks Orpik.
14:25 of 3rd period - Shot by Andrei Markov.
14:25 of 3rd period - Shot Misses the Net.
14:29 of 3rd period - Shot by Andrei Markov.
14:29 of 3rd period - Shot Misses the Net.
14:31 of 3rd period - Shot by Cory Stillman.
14:31 of 3rd period - Shot Misses the Net.
14:35 of 3rd period - Shot by Ales Hemsky.
14:35 of 3rd period - Deflect By Cory Stillman.
14:35 of 3rd period - Stopped by Marc-Andre Fleury without a rebound.
14:36 of 3rd period - Nathan Horton wins face-off versus Evgeni Malkin in Penguins zone.
14:41 of 3rd period - Shot by Ilya Kovalchuk.
14:41 of 3rd period - Shot Misses the Net.
14:51 of 3rd period - Shot by Patrick Sharp.
14:51 of 3rd period - Deflect By Pavel Datsyuk.
14:51 of 3rd period - Shot Misses the Net.
14:53 of 3rd period - Shot by Pavel Datsyuk.
14:53 of 3rd period - Stopped by Johan Hedberg without a rebound.
14:54 of 3rd period - John Madden wins face-off versus Jason Pominville in Canadiens zone.
15:20 of 3rd period - Icing by David Booth.
15:21 of 3rd period - Brad Richards wins face-off versus Patrik Berglund in Canadiens zone.
15:42 of 3rd period - Shot by Marian Hossa.
15:42 of 3rd period - Shot Misses the Net.
15:44 of 3rd period - Shot by Marian Hossa.
15:44 of 3rd period - Goal by Marian Hossa - Penguins : 6 - Canadiens : 5.
15:45 of 3rd period - Dustin Brown wins face-off versus Evgeni Malkin in neutral zone.
15:47 of 3rd period - Off-side.
15:48 of 3rd period - Kyle Okposo wins face-off versus Evgeni Malkin in neutral zone.
15:58 of 3rd period - Shot by Maxime Talbot.
15:58 of 3rd period - Stopped by Marc-Andre Fleury without a rebound.
15:59 of 3rd period - Brad Richards wins face-off versus Shawn Horcoff in Penguins zone.
16:04 of 3rd period - Alexander Edler is hit by Marian Hossa and loses puck.
16:11 of 3rd period - Shot by Marian Hossa.
16:11 of 3rd period - Stopped by Johan Hedberg without a rebound.
16:12 of 3rd period - Steve Montador wins face-off versus Dustin Brown in Canadiens zone.
16:29 of 3rd period - Shot by Dustin Brown.
16:29 of 3rd period - Stopped by Marc-Andre Fleury without a rebound.
16:30 of 3rd period - Shawn Horcoff wins face-off versus Evgeni Malkin in Penguins zone.
17:27 of 3rd period - Andrew Ference is hit by Cory Stillman and loses puck.
17:33 of 3rd period - Minor Penalty to Andrei Markov for Hooking.
17:34 of 3rd period - Dustin Brown wins face-off versus Marian Hossa in Canadiens zone.
17:40 of 3rd period - Icing by Freddy Meyer.
17:41 of 3rd period - Brad Richards wins face-off versus Dustin Brown in Penguins zone.
18:21 of 3rd period - Minor Penalty to Evgeni Malkin for Tripping.
18:22 of 3rd period - Nathan Horton wins face-off versus Pavel Datsyuk in Penguins zone.
18:23 of 3rd period - Shot by Ed Jovanovski.
18:23 of 3rd period - Shot Misses the Net.
18:56 of 3rd period - Shot by Nathan Horton.
18:56 of 3rd period - Shot Misses the Net.
19:18 of 3rd period - Icing by Andrew Ference.
19:19 of 3rd period - Marian Hossa wins face-off versus Shawn Horcoff in Penguins zone.
19:29 of 3rd period - Canadiens, Johan Hedberg is pulled from the net.
19:46 of 3rd period - Cory Stillman is hit by Brooks Orpik.
19:54 of 3rd period - Shot by Tom Gilbert.
19:54 of 3rd period - Shot Blocked by Jan Hejda.


Output by the SimonT Hockey Simulator (STHS) for Stephane Roy -- Original Page W3C XHTML 1.0 Valid